 Dungeon Crawl Stone Soup version 0.17.0-24-gcfadda4 (webtiles) character file.

13941 Gargoyl the Protected (level 11, 0/87 HPs)
             Began as a Demonspawn Abyssal Knight on Nov 16, 2015.
             Was a High Priest of Lugonu.
             Succumbed to a spiny frog's poison
             ... on level 2 of the Lair of Beasts.
             The game lasted 00:26:58 (14884 turns).

Gargoyl the Protected (Demonspawn Abyssal Knight)  Turns: 14884, Time: 00:26:59

Health: 0/87       AC: 19    Str: 16    XL:     11   Next: 82%
Magic:  14/14      EV: 10    Int: 15    God:    Lugonu [*****.]
Gold:   1125       SH: 11    Dex: 13    Spells: 0 memorised, 10 levels left

rFire  + + .     SeeInvis .     E - +1 broad axe
rCold  . . .     Clarity  .     y - +4 chain mail {rF+}
rNeg   . . .     SustAt   .     K - +2 shield
rPois  .         Gourm    .     (helmet restricted)
rElec  .         Spirit   .     (no cloak)
rCorr  .         Warding  .     v - +0 pair of gloves
rMut   .         Stasis   .     n - +1 pair of boots
MR     .....                    (no amulet)
Stlth  ..........               (no ring)
                                h - +2 ring of intelligence

@: lethally poisoned (0 -> -25), exhausted, slowed, very slow, not resistant to
hostile enchantments, extremely unstealthy
A: horns 2, repulsion field 1, fire resistance 1, spiny 1, flame cloud immunity
a: Depart the Abyss, Bend Space, Banish, Corrupt, Enter the Abyss, Renounce
Religion


You were on level 2 of the Lair of Beasts.
You worshipped Lugonu.
Lugonu was extremely pleased with you.
You were not hungry.

You visited 3 branches of the dungeon, and saw 13 of its levels.
You visited the Abyss 1 time.

You collected 1125 gold pieces.

Inventory:

Hand Weapons
 x - a +0 flail
 E - a +1 broad axe (weapon)
Missiles
 m - 22 tomahawks (quivered)
Armour
 n - a +1 pair of boots (worn)
 v - a +0 pair of gloves (worn)
 y - a +4 chain mail of fire resistance (worn)
 K - a +2 shield (worn)
Jewellery
 h - a +2 ring of intelligence (left hand)
 A - an uncursed amulet of the gourmand {unknown}
Wands
 a - a wand of heal wounds (5)
 b - a wand of random effects (27)
 d - a wand of frost (23)
 j - a wand of slowing (14)
 o - a wand of cold (0)
 B - a wand of lightning (11)
 D - a wand of random effects (21)
 H - a wand of teleportation (4)
 I - a wand of magic darts (15)
 L - a wand of fire (6)
 M - a wand of random effects (42)
Scrolls
 e - 10 scrolls of identify
 i - 2 scrolls of magic mapping
 u - a scroll of teleportation
 w - 4 scrolls of remove curse
 z - a scroll of recharging
Potions
 k - a potion of brilliance {unknown}
 q - 2 potions of agility {unknown}
 r - a potion of ambrosia {unknown}
 t - a potion of berserk rage
Books
 c - a book of Hinderance

   Spells                             Type                      Level
   a - Confusing Touch                Hexes                        2
   b - Confuse                        Hexes                        3
   c - Gell's Gravitas                Hexes/Translocation          3
   d - Petrify                        Transmutation/Earth          4
   e - Metabolic Englaciation         Hexes/Ice                    5
 g - a book of Changes

   Spells                             Type                      Level
   a - Beastly Appendage              Transmutation                1
   b - Sticks to Snakes               Transmutation                2
   c - Spider Form                    Transmutation/Poison         3
   d - Ice Form                       Ice/Transmutation            4
   e - Blade Hands                    Transmutation                5
 C - a book of Unlife

   Spells                             Type                      Level
   a - Recall                         Summoning/Translocation      3
   b - Animate Dead                   Necromancy                   4
   c - Control Undead                 Necromancy                   4
   d - Cigotuvi's Embrace             Necromancy                   5
   e - Death Channel                  Necromancy                   6
   f - Simulacrum                     Ice/Necromancy               6
 F - a book of Enchantments

   Spells                             Type                      Level
   a - Cause Fear                     Hexes                        4
   b - Silence                        Hexes/Air                    5
   c - Deflect Missiles               Charms/Air                   6
   d - Haste                          Charms                       6
   e - Discord                        Hexes                        8
 G - a book of Dreams

   Spells                             Type                      Level
   a - Ensorcelled Hibernation        Hexes/Ice                    2
   b - Phase Shift                    Translocation                5
   c - Shadow Creatures               Summoning                    5
   d - Silence                        Hexes/Air                    5
   e - Darkness                       Hexes                        6
   f - Mass Confusion                 Hexes                        6
 N - a Fen Folio

   Spells                             Type                      Level
   a - Corpse Rot                     Necromancy                   2
   b - Stone Arrow                    Conjuration/Earth            3
   c - Leda's Liquefaction            Hexes/Earth                  4
   d - Summon Forest                  Summoning/Translocation      5
   e - Hydra Form                     Transmutation                6
   f - Summon Hydra                   Summoning                    7
Comestibles
 f - 2 meat rations
 p - 3 beef jerkies
 s - 4 slices of pizza


   Skills:
 + Level 8.7 Fighting
 + Level 8.7 Axes
 + Level 1.1 Throwing
 + Level 10.6 Armour
 + Level 7.3 Dodging
 + Level 2.3 Stealth
 + Level 3.1 Shields
 + Level 4.1 Invocations


You had 10 spell levels left.
You didn't know any spells.

Dungeon Overview and Level Annotations

Branches:
Dungeon (9/15)             Temple (0/1) D:4            Lair (2/8) D:9
    Orc (2/4) D:9

Altars:
Dithmenos
Elyvilon
Kikubaaqudgha
Makhleb
Zin

Annotations:
D:8 exclusion: oklob plant
Lair:1 Fannar
Abyss:1 Urug


Innate Abilities, Weirdness & Mutations

You have a pair of horns on your head.
You are surrounded by a mild repulsion field (EV +2).
Your flesh is heat resistant.
You are partially covered in sharp spines.
You are immune to clouds of flame.


Message History

* * * LOW HITPOINT WARNING * * *
You feel very sick.
* * * LOW HITPOINT WARNING * * *
You feel sick.
Found a clear potion.
You see here a spiny frog corpse.
You feel a strong urge to attack something.
* * * LOW HITPOINT WARNING * * *
You feel sick.
* * * LOW HITPOINT WARNING * * *
You feel sick.
You see here a shiny ivory wand.
j - a wand of slowing You feel your anger subside.
* * * LOW HITPOINT WARNING * * *
You feel sick.
You are no longer berserk.
You are exhausted.
You feel yourself slow down.
You die...

##.......
#........
###.$......
##..........
#.#.........
####.........P
#............#
#...........#
#....@†...##.#
.....##.....#
#.?. #.....# ..
.........#
............#
...............
...............
.....!.........
...............


There were no monsters in sight!

Vanquished Creatures
  A hydra (D:8)
  Erica (D:8)
  An orc knight (Orc:2)
  An orc sorcerer (Orc:2)
  An elephant (D:9)
  Maurice (D:9)
  Psyche (D:8)
  2 spiny frogs
  A two-headed ogre (D:9)
  Prince Ribbit (D:9)
  3 blink frogs (Lair:1)
  2 trolls
  Sigmund (D:3)
  A deep elf mage (D:9)
  8 yaks
  2 hungry ghosts
  2 hippogriffs (D:9)
  2 water moccasins
  A sky beast (D:8)
  An eye of draining (D:9)
  A porcupine (Lair:1)
  A black bear (D:7)
  6 centaurs
  3 crocodiles
  11 orc warriors
  An ice beast (D:6)
  A phantom (D:5)
  5 ogres
  Blork the orc (D:5)
  5 big kobolds
  6 giant frogs
  6 scorpions
  7 gnoll sergeants
  8 killer bees
  A giant frog zombie (D:8)
  2 crimson imps
  3 hounds
  2 jellies (D:6)
  A centaur zombie (D:8)
  A gnoll shaman (D:8)
  8 orc priests
  Ijyb (D:2)
  6 iguanas
  6 worker ants
  7 orc wizards
  3 giant frog skeletons
  4 sheep
  A hound zombie (D:6)
  2 hound skeletons
  14 gnolls
  14 adders
  2 shadow imps
  An adder skeleton (D:8)
  A worm (D:3)
  5 giant geckos
  57 orcs
  A ball python (D:4)
  5 giant cockroaches
  14 goblins
  4 hobgoblins
  10 jackals
  6 kobolds
  2 quokkas
  6 bats
  6 giant newts
  7 rats
299 creatures vanquished.

Vanquished Creatures (others)
  6 fungi
  6 plants
12 creatures vanquished.

Grand Total: 311 creatures vanquished

Notes
Turn   | Place    | Note
--------------------------------------------------------------
     0 | Abyss:1  | Gargoyl the Demonspawn Abyssal Knight began the quest for the Orb.
     0 | Abyss:1  | Reached XP level 1. HP: 18/18 MP: 2/2
   120 | Abyss:1  | Noticed a sixfirhy
   121 | D:1      | Escaped the Abyss
   162 | D:1      | Reached skill level 1 in Dodging
   356 | D:1      | Gained mutation: You have a pair of small horns on your head. [demonic ancestry]
   356 | D:1      | Reached XP level 2. HP: 24/24 MP: 3/3
   374 | D:1      | Reached * piety under Lugonu
  1246 | D:2      | Found a shadowy altar of Dithmenos.
  1280 | D:2      | Reached XP level 3. HP: 27/29 MP: 4/4
  1825 | D:2      | Noticed Ijyb
  1829 | D:2      | Reached ** piety under Lugonu
  1871 | D:2      | Killed Ijyb
  1871 | D:2      | Gained mutation: You have a pair of horns on your head. [demonic ancestry]
  1871 | D:2      | Reached XP level 4. HP: 4/37 MP: 5/5
  2242 | D:3      | Noticed Sigmund
  2259 | D:3      | Killed Sigmund
  2259 | D:3      | Reached skill level 4 in Fighting
  2259 | D:3      | Gained mutation: You are partially covered in sharp spines. [demonic ancestry]
  2259 | D:3      | Reached XP level 5. HP: 20/42 MP: 6/6
  2584 | D:3      | Reached XP level 6. HP: 44/48 MP: 7/7
  3077 | D:3      | Noticed an ogre
  3083 | D:3      | Killed an ogre
  3083 | D:3      | Reached skill level 1 in Stealth
  3608 | D:4      | Found an ancient bone altar of Kikubaaqudgha.
  3701 | D:4      | Reached *** piety under Lugonu
  3809 | D:4      | Reached XP level 7. HP: 54/54 MP: 8/8
  3845 | D:4      | Found a staircase to the Ecumenical Temple.
  4281 | D:5      | Entered Level 5 of the Dungeon
  4449 | D:5      | Noticed Blork the orc
  4468 | D:5      | Killed Blork the orc
  4729 | D:5      | Reached skill level 5 in Armour
  4729 | D:5      | Gained mutation: Your flesh is heat resistant. [demonic ancestry]
  4729 | D:5      | Reached XP level 8. HP: 54/61 MP: 9/9
  4732 | D:5      | Reached skill level 5 in Fighting
  5140 | D:5      | Found an ancient bone altar of Kikubaaqudgha.
  5742 | D:6      | Reached skill level 6 in Armour
  6106 | D:6      | Found a white marble altar of Elyvilon.
  6259 | D:6      | Reached **** piety under Lugonu
  6259 | D:6      | Reached skill level 5 in Dodging
  6302 | D:7      | Reached skill level 5 in Axes
  6444 | D:7      | Gained mutation: You are immune to clouds of flame. [demonic ancestry]
  6444 | D:7      | Reached XP level 9. HP: 65/68 MP: 10/10
  6892 | D:7      | Reached skill level 1 in Throwing
  6904 | D:8      | Reached skill level 7 in Armour
  7010 | D:8      | Noticed Psyche
  7017 | D:8      | Killed Psyche
  7249 | D:8      | Found a glowing silver altar of Zin.
  7249 | D:8      | Noticed an oklob plant
  7525 | D:8      | Noticed Erica
  7737 | D:8      | Killed Erica
  7737 | D:8      | Reached skill level 8 in Armour
  7737 | D:8      | Reached XP level 10. HP: 56/77 MP: 12/12
  8707 | D:8      | Noticed a two-headed hydra
  8715 | D:8      | Killed a two-headed hydra
  8715 | D:8      | Reached skill level 9 in Armour
  9255 | D:9      | Found a staircase to the Orcish Mines.
  9914 | D:9      | Reached ***** piety under Lugonu
 10263 | D:9      | Noticed Prince Ribbit
 10280 | D:9      | Killed Prince Ribbit
 10426 | D:9      | Noticed an elephant
 10445 | D:9      | Killed an elephant
 10445 | D:9      | Reached skill level 1 in Shields
 10445 | D:9      | Gained mutation: You are surrounded by a mild repulsion field (EV +2). [demonic ancestry]
 10445 | D:9      | Reached XP level 11. HP: 23/86 MP: 13/13
 11548 | D:9      | Reached skill level 10 in Armour
 11721 | D:9      | Found a staircase to the Lair.
 11738 | D:9      | Noticed Maurice
 11751 | D:9      | HP: 3/86 [something (17)]
 11760 | D:9      | Killed Maurice
 12238 | Orc:1    | Entered Level 1 of the Orcish Mines
 12778 | Orc:1    | Reached ****** piety under Lugonu
 12985 | Orc:1    | Found a burning altar of Makhleb.
 13094 | Orc:2    | Noticed Urug
 13128 | Orc:2    | Banished Urug
 14362 | Lair:1   | Entered Level 1 of the Lair of Beasts
 14663 | Lair:1   | Noticed Fannar
 14699 | Lair:2   | HP: 3/87 [spiny frog (9)]
 14880 | Lair:2   | HP: 6/130 [poisoned by a spiny frog]
 14883 | Lair:2   | HP: 1/130 [poisoned by a spiny frog]
 14884 | Lair:2   | Succumbed to a spiny frog's poison

Action                   |  1- 3 |  4- 6 |  7- 9 | 10-12 || total
-------------------------+-------+-------+-------+-------++-------
Melee: Hand axe          |   147 |    86 |    39 |       ||   272
       War axe           |       |       |    75 |       ||    75
       Broad axe         |       |       |    75 |   447 ||   522
       Flail             |       |       |       |     7 ||     7
Throw: Tomahawk          |       |     3 |     7 |       ||    10
Invok: Depart the Abyss  |     1 |       |       |       ||     1
       Banish            |       |       |     2 |     2 ||     4
       Bend Space        |       |       |       |     2 ||     2
  Use: Potion            |     4 |     1 |     1 |     8 ||    14
       Scroll            |       |     6 |     5 |     4 ||    15
  Eat: Bread ration      |     1 |     1 |     2 |       ||     4
       Chunk             |       |     4 |       |     1 ||     5
       Fruit             |       |       |    10 |    12 ||    22
       Meat ration       |       |       |     1 |     1 ||     2
       Pizza             |       |       |       |     5 ||     5
       Beef jerky        |       |       |       |     1 ||     1
